 Dungeon Crawl Stone Soup version 0.18.1-2-ga659475 (webtiles) character file.

9205 FuckYou the Warrior (level 11, -7/143 HPs)
             Began as an Ogre Berserker on May 8, 2016.
             Was a High Priest of Trog.
             Mangled by a tengu warrior
             ... wielding a +0 great mace
             ... led by a tengu warrior
              (9 damage)
             ... on level 9 of the Dungeon.
             The game lasted 00:27:36 (12271 turns).

FuckYou the Warrior (Ogre Berserker)               Turns: 12271, Time: 00:27:37

Health: -7/143     AC:  6    Str: 31      XL:     11   Next: 42%
Magic:  0/3        EV: 10    Int:  5 (6)  God:    Trog [*****.]
Gold:   547        SH:  0    Dex:  7      Spells: 0 memorised, 10 levels left

rFire  + . .     SeeInvis .     N - +6 morningstar (antimagic)
rCold  + . .     Gourm    .     b - +2 animal skin
rNeg   + . .     Faith    .     (no shield)
rPois  +         Spirit   .     Q - -2 hat of the Alchemist {rElec rPois rF+ rC+ rN+ MR+ rMut rCorr}
rElec  +         Dismiss  .     J - +2 cloak
rCorr  +         Reflect  .     (gloves unavailable)
rMut   +         Harm     .     (boots unavailable)
SustAt .                        p - amulet of magic regeneration
MR     ++...                    A - -3 ring of dexterity (curse)
Stlth  +.........               r - +2 ring of slaying

@: confused, mighty, exhausted, slowed, very slow, very resistant to hostile
enchantments, very unstealthy
A: unfitting armour, tough skin 1
a: Berserk, Trog's Hand, Brothers in Arms, Burn Spellbooks, Renounce Religion


You were on level 9 of the Dungeon.
You worshipped Trog.
Trog was extremely pleased with you.
You were hungry.

You visited 2 branches of the dungeon, and saw 10 of its levels.

You collected 547 gold pieces.

Inventory:

Hand Weapons
 a - a +1 mace
 e - a +1 whip of flaming
 x - a +4 flail of protection
 N - a +6 antimagic morningstar (weapon)
 O - a +2 whip of electrocution
Missiles
 v - 4 large rocks (quivered)
Armour
 b - a +2 animal skin (worn)
 J - a +2 cloak (worn)
 Q - the -2 hat of the Alchemist (worn) {rElec rPois rF+ rC+ rN+ MR+ rMut rCorr}
   (You found it on level 9 of the Dungeon)

   It protects you from fire.
   It protects you from cold.
   It insulates you from electricity.
   It protects you from poison.
   It protects you from negative energy.
   It affects your resistance to hostile enchantments.
   It protects you from acid and corrosion.
   It protects you from mutation.
Jewellery
 h - an uncursed ring of sustain attributes
 o - an uncursed ring of poison resistance
 p - an amulet of magic regeneration (around neck)
 r - a +2 ring of slaying (left hand)
 u - the ring of Siffoc {Wiz Dex+4}
   (You took it off an orc on level 5 of the Dungeon)

   [ring of wizardry]

   It improves your spell success rate.
   It affects your dexterity (+4).
 y - an uncursed ring of stealth
 A - a cursed -3 ring of dexterity (right hand)
 I - an uncursed ring of positive energy
 L - an uncursed ring of protection from fire {unknown}
Wands
 s - a wand of random effects (24/48)
 E - a wand of enslavement (7/24)
 H - a wand of paralysis (6/24)
 K - a wand of disintegration (15/24)
Scrolls
 d - a scroll of fear
 n - 4 scrolls of teleportation
 t - a scroll of magic mapping
 w - a scroll of enchant armour
 C - 2 scrolls of holy word
 M - a scroll of fog
 P - a scroll of recharging
Potions
 g - 3 potions of berserk rage
 k - 2 potions of resistance
 l - 6 potions of curing
 m - 2 potions of magic
 q - a potion of flight
 B - a potion of mutation
 G - a potion of ambrosia
Comestibles
 c - 7 bread rations
 i - 4 meat rations
 j - 2 slices of pizza
 z - 7 chunks of flesh
 F - 5 fruits


   Skills:
 + Level 18.8 Fighting
 + Level 13.1 Maces & Flails
 * Level 2.1 Armour
 - Level 2.6 Dodging


You had 10 spell levels left.
You didn't know any spells.

Dungeon Overview and Level Annotations

Branches:
Dungeon (9/15)             Temple (1/1) D:7            Lair (0/8) D:9
    Orc: D:9-12

Altars:
Ashenzari
Cheibriados
Dithmenos
Elyvilon
Fedhas
Gozag
Kikubaaqudgha
Makhleb
Nemelex Xobeh
Okawaru
Pakellas
Qazlal
Ru
Sif Muna
Trog
Vehumet
Xom
Yredelemnul
Zin
The Shining One

Shops:
D:7 (

Annotations:
D:4 FuckYou's ghost, amateur OgBe
D:9 exclusion: orange crystal statue


Innate Abilities, Weirdness & Mutations

You are too large for most types of armour.
You have tough skin (AC +1).


Message History

Read which item? (? for menu, Esc to quit)
As you read the scroll of fear, it crumbles to dust.
You assume a fearsome visage.
The giant frog skeleton is unaffected.
The iguana looks frightened!
The orange crystal statue is unaffected.
The tengu warrior easily resists.
The giant frog skeleton closely misses you.
The orange crystal statue glitters.
You resist with almost no effort.
The tengu warrior hits you with a great mace.
* * * LOW HITPOINT WARNING * * *
The tengu warrior barely misses you. The tengu warrior claws you.
* * * LOW HITPOINT WARNING * * *
The giant frog skeleton hits you but does no damage.
The orange crystal statue fixes its piercing gaze on you.
You feel your power leaking away.
The orange crystal statue glitters.
You are confused.
The tengu warrior hits you with a great mace!
You die...

.....#
............(.#
#####..
.........⌠.._.# .##
#+##.........# .#
##.###._......#
#...##..._....#
######.#.)..#...##.#
...l......#+#####..#
..................##
.......Z@.....#####
......)Q......#
....(.........#
..!8..........#
..............#
..........#####
..........#
..........#


You could see an orange crystal statue, a tengu warrior, an iguana (fleeing) and
a giant frog skeleton.

Vanquished Creatures
  Erica (D:9)
  A tengu warrior (D:9)
  A cyclops (D:6)
  A troll (D:9)
  Prince Ribbit (D:7)
  A two-headed ogre (D:8)
  A spriggan (D:7)
  Eustachio (D:5)
  2 basilisks (D:9)
  A hippogriff (D:8)
  2 hungry ghosts
  An ice beast (D:8)
  A sky beast (D:9)
  A phantom (D:4)
  3 black bears
  An eye of draining (D:8)
  A necrophage (D:8)
  4 centaurs
  5 ogres
  3 crocodiles
  13 big kobolds (D:8)
  The ghost of kay3 the Vexing, an amateur DEAM (D:3)
  7 giant frogs
  4 scorpions
  6 killer bees (D:8)
  2 howler monkeys (D:8)
  4 crimson imps
  A centaur zombie (D:5)
  3 hounds
  5 orc priests
  Crazy Yiuf (D:7)
  2 iguanas
  4 orc wizards
  5 worker ants
  10 sheep
  A hound skeleton (D:9)
  A worker ant zombie (D:5)
  A howler monkey zombie (D:4)
  6 gnolls
  10 adders
  3 river rats (D:9)
  2 shadow imps (D:7)
  An ooze (D:1)
  2 adder zombies
  4 worms
  2 dart slugs
  5 giant geckos
  22 orcs
  11 giant cockroaches
  5 hobgoblins
  20 jackals
  22 kobolds
  4 quokkas
  A ball python (D:4)
  6 bats
  A giant cockroach zombie (D:5)
  A giant gecko skeleton (D:4)
  A giant gecko zombie (D:8)
  7 giant newts
  6 goblins
  16 rats
262 creatures vanquished.

Notes
Turn   | Place    | Note
--------------------------------------------------------------
     0 | D:1      | FuckYou the Ogre Berserker began the quest for the Orb.
     0 | D:1      | Reached XP level 1. HP: 24/24 MP: 1/1
   542 | D:1      | Reached XP level 2. HP: 33/33 MP: 2/2
   859 | D:1      | Reached XP level 3. HP: 14/41 MP: 3/3
  1606 | D:2      | Reached ** piety under Trog
  1654 | D:2      | Reached skill level 5 in Fighting
  1760 | D:2      | Reached skill level 5 in Maces & Flails
  1765 | D:2      | Found a white marble altar of Elyvilon.
  1789 | D:2      | Reached XP level 4. HP: 42/50 MP: 4/4
  2119 | D:2      | Found a glowing golden altar of the Shining One.
  2119 | D:2      | Found a glowing silver altar of Zin.
  2119 | D:2      | Found a white marble altar of Elyvilon.
  2659 | D:3      | Noticed kay3's ghost (amateur DEAM)
  2671 | D:3      | Killed kay3's ghost
  2671 | D:3      | Reached skill level 6 in Fighting
  2671 | D:3      | Reached XP level 5. HP: 17/59 MP: 5/5
  3681 | D:3      | Reached XP level 6. HP: 68/68 MP: 6/6
  3746 | D:3      | Reached *** piety under Trog
  4111 | D:3      | Reached skill level 7 in Fighting
  4578 | D:4      | Noticed a phantom
  4591 | D:4      | Killed a phantom
  4643 | D:4      | Reached XP level 7. HP: 61/79 MP: 7/7
  5046 | D:4      | Noticed FuckYou's ghost (amateur OgBe)
  5089 | D:5      | Entered Level 5 of the Dungeon
  5146 | D:5      | Reached skill level 8 in Fighting
  5392 | D:5      | Noticed Eustachio
  5413 | D:5      | Killed Eustachio
  5932 | D:5      | Reached skill level 9 in Fighting
  5932 | D:5      | Reached XP level 8. HP: 56/92 MP: 8/8
  6577 | D:5      | Found a burning altar of Makhleb.
  6578 | D:5      | Found a shimmering altar of Xom.
  6745 | D:5      | Reached **** piety under Trog
  6749 | D:5      | Reached skill level 17 in Fighting
  6749 | D:5      | Reached XP level 9. HP: 111/120 MP: 9/9
  6819 | D:5      | Found an ancient bone altar of Kikubaaqudgha.
  6826 | D:5      | Found a blossoming altar of Fedhas.
  6927 | D:5      | Got a coiled lead ring
  6930 | D:5      | Identified the ring of Siffoc {Wiz Dex+4} (You took it off an orc on level 5 of the Dungeon)
  6979 | D:6      | Noticed a cyclops
  6999 | D:6      | Killed a cyclops
  6999 | D:6      | Reached skill level 10 in Maces & Flails
  7298 | D:6      | HP: 5/122 [orc/falchion (3)]
  8055 | D:6      | Found a white marble altar of Elyvilon.
  8641 | D:7      | Reached XP level 10. HP: 115/131 MP: 10/10
  9105 | D:7      | Noticed Prince Ribbit
  9301 | D:7      | Found Posoah's Antique Weapon Shoppe.
  9352 | D:7      | Killed Prince Ribbit
  9487 | D:7      | Noticed Crazy Yiuf
  9494 | D:7      | Killed Crazy Yiuf
  9520 | D:7      | Found a staircase to the Ecumenical Temple.
  9536 | Temple   | Entered the Ecumenical Temple
  9962 | D:8      | Reached skill level 18 in Fighting
 10022 | D:8      | Reached ***** piety under Trog
 10193 | D:8      | Found an iron altar of Okawaru.
 10199 | D:8      | Found a stormy altar of Qazlal.
 10694 | D:8      | Reached XP level 11. HP: 64/143 MP: 11/11
 11083 | D:8      | Found a radiant altar of Vehumet.
 11563 | D:9      | Received a gift from Trog
 11610 | D:9      | Found a staircase to the Lair.
 12217 | D:9      | Found an opulent altar of Gozag.
 12217 | D:9      | Found an oddly glowing altar of Pakellas.
 12218 | D:9      | Found a bloodstained altar of Trog.
 12220 | D:9      | Found a sacrificial altar of Ru.
 12221 | D:9      | Found a shattered altar of Ashenzari.
 12240 | D:9      | Noticed an orange crystal statue
 12243 | D:9      | Noticed Erica
 12245 | D:9      | Noticed a tengu warrior
 12246 | D:9      | Noticed a tengu warrior
 12253 | D:9      | Killed Erica
 12253 | D:9      | Reached skill level 1 in Armour
 12262 | D:9      | Killed a tengu warrior
 12269 | D:9      | HP: 7/143 [tengu warrior/great mace[a tengu warrior] (3)]
 12270 | D:9      | HP: 1/143 [tengu warrior/great mace[a tengu warrior] (3)]
 12271 | D:9      | Mangled by a tengu warrior

Skill      XL: |  1  2  3  4  5  6  7  8  9 10 11 |
---------------+----------------------------------+-----
Fighting       | 5 6 7 9 17 18 | 18.8
Maces & Flails | 5 6 7 9 10 12 13 | 13.1
Armour         | 2 |  2.1
Dodging        | |  2.6

Action                   |  1- 3 |  4- 6 |  7- 9 | 10-12 || total
-------------------------+-------+-------+-------+-------++-------
Melee: Mace              |    39 |       |       |       ||    39
       Whip              |    57 |   172 |   235 |       ||   464
       Flail             |       |       |    42 |   320 ||   362
       Morningstar       |       |       |       |    50 ||    50
Invok: Berserk           |       |     1 |     1 |     1 ||     3
       Trog's Hand       |       |       |       |     2 ||     2
Evoke: Wand              |       |       |       |     2 ||     2
  Use: Scroll            |     7 |     6 |     7 |     9 ||    29
       Potion            |       |       |     2 |     4 ||     6
 Stab: Sleeping          |       |     2 |       |       ||     2
  Eat: Chunk             |     3 |    10 |    14 |    12 ||    39
       Meat ration       |       |       |       |     1 ||     1
Armor: Animal skin       |    31 |    30 |    74 |   164 ||   299
Dodge: Dodged            |    58 |    60 |   114 |   183 ||   415
